 Dungeon Crawl Stone Soup version 0.24.1-14-gf8d2b509d9 (webtiles) character file.

Game seed: 18435820613450383960, levelgen mode: deterministic

120 KlarStein the Skirmisher (level 4, 0/37 HPs)
             Began as a Demonspawn Fighter on July 10, 2020.
             Slain by an iguana (7 damage)
             ... on level 4 of the Dungeon.
             The game lasted 00:19:43 (3277 turns).

KlarStein the Skirmisher (Demonspawn Fighter)       Turns: 3277, Time: 00:19:44

Health: 0/37       AC:  7    Str: 16    XL:     4   Next: 75%
Magic:  4/4        EV: 11    Int: 10    God:
Gold:   119        SH:  5    Dex: 13    Spells: 3/3 levels left

rFire    . . .     SeeInvis .   g - +0 short sword
rCold    . . .     Gourm    .   o - +0 buckler
rNeg     . . .     Faith    .   n - +0 leather armour
rPois    .         Spirit   .   (no helmet)
rElec    .         Reflect  .   (no cloak)
rCorr    .         Harm     .   w - +0 pair of gloves
MR       +....                  (no boots)
Stlth    ++........             (no amulet)
HPRegen  0.12/turn              s - +3 ring of protection
MPRegen  0.09/turn              v - ring of protection from magic (curse)

@: no status effects
A: nightstalker 1, rot immunity
a: no special abilities


You were on level 4 of the Dungeon.
You were not hungry.

You visited 1 branch of the dungeon, and saw 4 of its levels.

You collected 119 gold pieces.

Inventory:

Hand Weapons
 a - a +0 long sword
 g - a +0 short sword (weapon)
Armour
 b - a +0 scale mail
 c - a +0 shield
 n - a +0 leather armour (worn)
 o - a +0 buckler (worn)
 w - a +0 pair of gloves (worn)
Jewellery
 k - a cursed ring of teleportation
 s - a +3 ring of protection (left hand)
 v - a cursed ring of protection from magic (right hand)
Wands
 u - a wand of flame (13)
Scrolls
 j - a scroll of random uselessness {unknown}
 l - a scroll of identify
 p - 3 scrolls of amnesia {unknown}
 q - 2 scrolls of teleportation {unknown}
 r - a scroll of remove curse
Potions
 d - a potion of might
 e - a potion of ambrosia {unknown}
 h - a potion of lignification {unknown}
 i - 2 potions of curing {unknown}
 m - a potion of mutation {unknown}
 t - a potion of heal wounds {unknown}
Comestibles
 f - 4 rations
 x - 4 chunks of flesh


   Skills:
 + Level 3.7 Fighting
 * Level 1.0(1.6) Short Blades
 - Level 2.0(2.1) Long Blades
 - Level 3.0 Armour
 * Level 1.1 Dodging
 * Level 1.2 Stealth
 + Level 3.3 Shields


You had 3 spell levels left.
You didn't know any spells.
Your spell library was empty.

Dungeon Overview and Level Annotations

Branches:
Dungeon (4/15)
 Temple: D:4-7

Altars:
Elyvilon
Nemelex Xobeh


Innate Abilities, Weirdness & Mutations

You are slightly more attuned to the shadows.
You are immune to rotting.


Message History

You hit the iguana.
The iguana is moderately wounded.
The iguana bites you.
You hit the iguana.
The iguana is heavily wounded.
The iguana bites you!
* * * LOW HITPOINT WARNING * * *
You hit the iguana but do no damage.
The iguana is heavily wounded.
The iguana barely misses you.
You barely miss the iguana.
The iguana is heavily wounded.
The iguana barely misses you.
You hit the iguana.
The iguana is severely wounded.
The iguana closely misses you.
You closely miss the iguana.
The iguana is severely wounded.
The iguana bites you!
You die...

## .####
####....#
##.#'#...#
#._รท###..#
##.#'#...#
####@..######
##l.........
#......####
#...####.##
#### #..#
##.## #..#
##.# #.#


You could see an iguana.

Vanquished Creatures
  2 adders
  4 oozes
  A worm (D:2)
  2 dart slugs
  A leopard gecko (D:3)
  2 orcs
  A ball python (D:1)
  6 giant cockroaches
  10 goblins
  14 hobgoblins
  3 jackals (D:4)
  7 kobolds
  A quokka (D:2)
  5 bats
  3 frilled lizards
  A leopard gecko zombie (D:3)
  9 rats
72 creatures vanquished.

Notes
Turn   | Place    | Note
-------+----------+-------------------------------------------
     0 | D:1      | KlarStein the Demonspawn Fighter began the quest for the
                  | Orb.
     0 | D:1      | Reached XP level 1. HP: 18/18 MP: 1/1
   157 | D:1      | You fall into a shaft and drop 1 floor!
   180 | D:2      | Gained mutation: You are slightly more attuned to the
                  | shadows. [demonic ancestry]
   180 | D:2      | Reached XP level 2. HP: 24/24 MP: 2/2
   725 | D:1      | Gained mutation: You are immune to rotting. [demonic
                  | ancestry]
   725 | D:1      | Reached XP level 3. HP: 29/29 MP: 3/3
  1854 | D:2      | Reached XP level 4. HP: 14/35 MP: 4/4
  2751 | D:3      | Reached skill level 1 in Stealth
  2871 | D:3      | Found a white marble altar of Elyvilon.
  2889 | D:3      | Reached skill level 1 in Dodging
  2983 | D:3      | Reached skill level 1 in Short Blades
  3235 | D:4      | Found a sparkling altar of Nemelex Xobeh.
  3277 | D:4      | Slain by an iguana

Levels and vault maps discovered:
D:1:      dpeg_arrival_lava_temple_mockup, layout_basic
D:2:      layout_loops_cross, minmay_statues_item, grunt_decor_mini_mirrors
D:3:      layout_rooms, elyvilon_altar_5
D:4:      layout_basic, hangedman_decor_peaks_small,
          nemelex_diamond_rough_becter, uniq_pikel

Skill      XL: |  1  2  3  4 |
---------------+-------------+-----
Armour         | 3 |  3.0
Shields        | 3 |  3.3
Long Blades    | 2 |  2.0
Stealth        | 1 |  1.2
Dodging        | 1 |  1.1
Short Blades   | 1 |  1.0
Fighting       | |  3.7

Action                   |  1- 3 |  4- 6 || total
-------------------------+-------+-------++-------
Melee: Long sword        |    74 |       ||    74
       Short sword       |    86 |   149 ||   235
Evoke: Wand              |       |     1 ||     1
  Use: Scroll            |     4 |     2 ||     6
 Stab: Sleeping          |       |     8 ||     8
       Distracted        |       |     2 ||     2
  Eat: Chunk             |     3 |     5 ||     8
Armor: Scale mail        |    67 |    10 ||    77
       Leather armour    |       |    30 ||    30
Dodge: Dodged            |    41 |    72 ||   113
Block: Shield            |    75 |     8 ||    83
       Buckler           |       |    21 ||    21
       Rpst.: Long sword |    13 |       ||    13
